[Event "Titled Tuesday Blitz June 8 2021"]
[White "Starozhilov, Leonid"]
[Black "Indjic, Aleksandar"]
[WhiteFideId "14106752"]
[BlackFideId "911925"]
[WhiteElo "2414"]
[BlackElo "2643"]
[Result "0-1"]
[Round "05"]
[TimeControl "180+1"]
[Date "2021.06.08"]
[WhiteClock "0:00:03"]
[BlackClock "0:00:16"]

1. e4 c5 2. Nf3 e6 3. c4 Nc6 4. Nc3 g5 5. d4 g4 6. d5 gxf3 7. dxc6 fxg2 8. cxd7+ Qxd7 9. Qxd7+ Bxd7 10. Bxg2 Bg7 11. Be3 Bd4 12. e5 O-O-O 13. Bxd4 cxd4 14. Ne4 Bc6 15. Rg1 Bxe4 16. Bxe4 Ne7 17. Kd2 Ng6 18. Rg5 h6 19. Rh5 Kc7 20. Rg1 Rdg8 21. Bxg6 fxg6 22. Rh4 Rf8 23. Rxg6 Rxf2+ 24. Kd3 Rxb2 25. Rxd4 Rxa2 26. Rg7+ Kb8 27. Rdd7 Rb2 28. Kc3 Rb1 29. Rh7 Rc8 30. Rxh6 b5 31. Rh4 a5 32. Rd6 Rb4 33. Rdd4 Rc7 34. Kd3 Rb3+ 35. Kd2 b4 36. Rd6 Rb2+ 37. Kd3 Kb7 38. Rh6 Rb3+ 39. Kd4 Rc3 40. Rhxe6 R3xc4+ 41. Kd3 Rc3+ 42. Kd2 b3 43. Rb6+ Kc8 44. Red6 a4 45. e6 Rc2+ 46. Kd1 Rxh2 47. Ra6 Rh1+ 48. Kd2 Rc2+ 49. Kd3 Rd1+ 50. Ke3 Rxd6 51. Rxd6 Rc1 52. Kd2 Rc7 53. Ra6 b2 54. Rb6 a3 0-1


[Site "https://www.chess.com"]

[Event "Titled Tuesday Blitz June 8 2021"]
[White "Stoleriu, George"]
[Black "Cunjalo, Faris"]
[WhiteFideId "1227505"]
[BlackFideId "14410710"]
[WhiteElo "2227"]
[BlackElo "2234"]
[Result "0-1"]
[Round "05"]
[TimeControl "180+1"]
[Date "2021.06.08"]
[WhiteClock "0:00:32"]
[BlackClock "0:01:02"]

1. e4 c5 2. Nf3 d6 3. Bb5+ Nd7 4. d4 cxd4 5. Qxd4 Nf6 6. O-O a6 7. Bxd7+ Bxd7 8. c4 g6 9. Nc3 Bg7 10. Qd3 O-O 11. h3 b5 12. Be3 bxc4 13. Qxc4 Qb8 14. Rab1 Rc8 15. Qd3 Bb5 16. Nxb5 Qxb5 17. Qd4 Rc4 18. Qd1 Nxe4 19. Nd4 Qd5 20. Nb3 Qxd1 21. Rfxd1 Rac8 22. f3 Ng3 23. Kf2 Nf5 24. Bc1 h5 25. g4 hxg4 26. hxg4 Rc2+ 27. Rd2 Nd4 28. Rxc2 Rxc2+ 29. Kg3 Ne2+ 30. Kh3 Be5 31. Be3 Nf4+ 32. Bxf4 Bxf4 33. g5 Bxg5 34. Nd4 Rd2 35. Nc6 Bf6 36. Nb8 a5 37. Nc6 Bxb2 38. Nxa5 Be5 39. f4 Bxf4 40. Kg4 Be5 41. a3 Rd3 42. Nc4 Rd4+ 0-1


[Site "https://www.chess.com"]

[Event "Titled Tuesday Blitz June 8 2021"]
[White "Suasnabar, Jesus"]
[Black "Jarovinsky, Alexey"]
[WhiteFideId "3800776"]
[BlackFideId "14115131"]
[WhiteElo "2002"]
[BlackElo "2446"]
[Result "1/2-1/2"]
[Round "05"]
[TimeControl "180+1"]
[Date "2021.06.08"]
[WhiteClock "0:00:12"]
[BlackClock "0:00:16"]

1. d4 Nc6 2. e4 d5 3. exd5 Qxd5 4. Nf3 e5 5. Nxe5 Nxe5 6. dxe5 Qxd1+ 7. Kxd1 Bc5 8. Bb5+ c6 9. Bc4 Bxf2 10. Bxf7+ Kxf7 11. Rf1 Bg4+ 12. Kd2 Rd8+ 13. Kc3 Rd1 14. Rxf2+ Ke6 15. Nd2 Ne7 16. Rf1 Nd5+ 17. Kb3 Ne3 18. Rxd1 Bxd1 19. Ne4 Bxc2+ 20. Kc3 Bxe4 21. Bxe3 Bxg2 22. Rg1 Bd5 23. Rxg7 a5 24. Rxb7 Bxa2 25. b3 Bb1 26. Ra7 Be4 27. Rxa5 Rg8 28. Kd4 Bd5 29. b4 Rg4+ 30. Kc5 Kxe5 31. Ra8 Rc4+ 32. Kb6 Rxb4+ 33. Kc7 Ke4 34. Re8+ Kd3 35. Bc5 Rc4 36. Bb6 Kc2 37. Re2+ Kd1 38. Re7 Rh4 39. Bg1 Rh3 40. Rg7 Kd2 41. Rg3 Rxg3 42. hxg3 h5 43. Bc5 Ke2 44. Bd6 Kf3 45. Kb6 Kg4 46. Kc5 Kf5 47. Bf4 Kg4 48. Bc7 Kf5 49. Bb8 Kg5 50. Bc7 Kg6 51. Bb8 Kf5 52. Bc7 Ke4 53. Bb8 Kf3 54. Bc7 Kg4 55. Bb8 Kf5 56. Bc7 Bf3 57. Bb8 Kg6 58. Bc7 Kg5 59. Bb8 Kf5 60. Bc7 Bg2 61. Bb8 Kg5 62. Bc7 Kg6 63. Bb8 Kf5 64. Bc7 Kg4 65. Bb8 Bh1 66. Bc7 Kf5 67. Bb8 Ke6 68. Bc7 Kf6 69. Bb8 Ke7 70. Bc7 Kd7 71. Bf4 Ke6 72. Bb8 Bg2 73. Bf4 Kf6 74. Bb8 Kf5 75. Bc7 Kf6 76. Bb8 Ke7 77. Bc7 Kf7 78. Bf4 Ke8 79. Bc7 Kd7 80. Bf4 Kc8 81. Be5 Kb7 82. Bf4 Ka6 83. Be5 Ka5 84. Bf4 Ka4 85. Be5 Kb3 86. Bf4 Kc2 87. Be5 Kd1 88. Bf4 Ke2 89. Be5 Bf3 90. Bd6 Kf2 91. Be5 Kg2 92. Bd6 Kf1 1/2-1/2


[Site "https://www.chess.com"]

[Event "Titled Tuesday Blitz June 8 2021"]
[White "Svane, Frederik"]
[Black "Csonka, Balazs"]
[WhiteFideId "12923044"]
[BlackFideId "742910"]
[WhiteElo "2459"]
[BlackElo "2404"]
[Result "0-1"]
[Round "05"]
[TimeControl "180+1"]
[Date "2021.06.08"]
[WhiteClock "0:00:17"]
[BlackClock "0:00:03"]

1. e4 e5 2. Nf3 Nc6 3. Bb5 a6 4. Ba4 Nf6 5. O-O Be7 6. d3 d6 7. c3 O-O 8. Re1 Re8 9. Nbd2 Bf8 10. Nf1 g6 11. Ng3 Bg7 12. d4 b5 13. Bc2 Bg4 14. Be3 Nh5 15. d5 Nxg3 16. fxg3 Ne7 17. h3 Bd7 18. g4 c6 19. dxc6 Bxc6 20. Bg5 d5 21. exd5 Qxd5 22. Bxe7 Rxe7 23. Be4 Qc5+ 24. Kh1 Ree8 25. g5 h6 26. h4 hxg5 27. hxg5 Rad8 28. Qc2 Bd7 29. b4 Qe7 30. Kg1 Bg4 31. Qc1 Rc8 32. Qe3 Bxf3 33. gxf3 Qc7 34. Rac1 Bf8 35. Rc2 Red8 36. Kg2 Bg7 37. Kg3 a5 38. a3 axb4 39. axb4 Qe7 40. Rh1 Rc4 41. Rd2 Rxd2 42. Qxd2 Rc8 43. Kf2 Rd8 44. Qe3 Qc7 45. Re1 Bf8 46. Re2 Be7 47. Rd2 Rxd2+ 48. Qxd2 Qd8 49. Qe2 Bxg5 50. Qxb5 Qd2+ 51. Qe2 Qxc3 52. b5 Be7 53. Kg2 Bc5 54. Bd5 Kg7 55. Qe4 Qd2+ 56. Kh3 Qh6+ 57. Kg2 Qg5+ 58. Kf1 Qc1+ 59. Ke2 Qb2+ 60. Ke1 f5 61. Qc4 Qb1+ 62. Ke2 Qb2+ 63. Kf1 Qf2# 0-1


[Site "https://www.chess.com"]

[Event "Titled Tuesday Blitz June 8 2021"]
[White "Svane, Rasmus"]
[Black "Chasin, Nico"]
[WhiteFideId "4657101"]
[BlackFideId "30908477"]
[WhiteElo "2669"]
[BlackElo "2135"]
[Result "1-0"]
[Round "05"]
[TimeControl "180+1"]
[Date "2021.06.08"]
[WhiteClock "0:00:31"]
[BlackClock "0:00:17"]

1. Nf3 Nf6 2. g3 d5 3. Bg2 Bg4 4. O-O Nbd7 5. h3 Bxf3 6. Bxf3 e5 7. d3 Bd6 8. e4 dxe4 9. dxe4 O-O 10. Nd2 h6 11. Nc4 Bc5 12. a4 a5 13. Bd2 b6 14. Qe1 Qe7 15. Qe2 Rfd8 16. Kg2 Nf8 17. Rfd1 Ne6 18. c3 Ng5 19. Bxg5 hxg5 20. Rd2 Rxd2 21. Qxd2 Qe6 22. b3 g4 23. Bxg4 Nxg4 24. hxg4 Qxg4 25. Qd5 Re8 26. Rd1 Qe6 27. Qxe6 Rxe6 28. Rd8+ Kh7 29. Rd7 Rf6 30. f3 Bd6 31. f4 Re6 32. f5 Re7 33. Rxe7 Bxe7 34. Nxe5 Bf6 35. Nxf7 Bxc3 36. e5 Kg8 37. e6 Kf8 38. Kf3 Ke7 39. Ke4 c6 40. Ne5 Kd6 41. Nc4+ Kc7 42. Nxb6 1-0


[Site "https://www.chess.com"]

[Event "Titled Tuesday Blitz June 8 2021"]
[White "Svidler, Peter"]
[Black "SpeedofLight0"]
[WhiteFideId "4102142"]
[WhiteElo "2754"]
[BlackElo "2785"]
[Result "1-0"]
[Round "05"]
[TimeControl "180+1"]
[Date "2021.06.08"]
[WhiteClock "0:00:45"]
[BlackClock "0:00:07"]

1. e4 e5 2. Nf3 Nc6 3. Bb5 a6 4. Ba4 Nf6 5. O-O b5 6. Bb3 Bc5 7. a4 Rb8 8. c3 d6 9. d4 Bb6 10. a5 Ba7 11. h3 O-O 12. Re1 Bb7 13. Be3 Ra8 14. Nbd2 h6 15. Nf1 Re8 16. d5 Ne7 17. Bxa7 Rxa7 18. Ng3 c6 19. dxc6 Bxc6 20. Qd2 Rd7 21. c4 Qa8 22. cxb5 Bxb5 23. Rac1 Ng6 24. Nf5 Nxe4 25. Nxh6+ gxh6 26. Qxh6 d5 27. Rxe4 dxe4 28. Qxg6+ Kf8 29. Qh6+ Ke7 30. Nxe5 Rd6 31. Qg5+ Kf8 32. Rc7 Rxe5 33. Rxf7+ 1-0


[Site "https://www.chess.com"]

[Event "Titled Tuesday Blitz June 8 2021"]
[White "Tabatabaei, M. Amin"]
[Black "Narayanan, Srinath"]
[WhiteFideId "12521213"]
[BlackFideId "5018420"]
[WhiteElo "2555"]
[BlackElo "2472"]
[Result "1-0"]
[Round "05"]
[TimeControl "180+1"]
[Date "2021.06.08"]
[WhiteClock "0:01:17"]
[BlackClock "0:00:54"]

1. d4 Nf6 2. Nf3 d5 3. Bf4 c5 4. e3 Nc6 5. Nbd2 Qb6 6. dxc5 Qxc5 7. c4 g6 8. Rc1 Bg7 9. a3 dxc4 10. Bxc4 Qb6 11. b4 O-O 12. h3 Bf5 13. O-O Rac8 14. Qb3 h6 15. g4 Bd7 16. Rfd1 h5 17. g5 Ne8 18. Kg2 e5 19. Bg3 Nd6 20. Bd5 a5 21. Nc4 Nxc4 22. Bxc4 axb4 23. Rxd7 Na5 24. Bxf7+ Kh8 25. Qxb4 Qxb4 26. axb4 Rxc1 27. bxa5 e4 28. Nh4 Ra8 29. Nxg6+ Kh7 30. Nh4 Rxa5 1-0


[Site "https://www.chess.com"]

[Event "Titled Tuesday Blitz June 8 2021"]
[White "Tang, Andrew"]
[Black "Papasimakopoulos, Alexandros"]
[WhiteFideId "2059630"]
[BlackFideId "4244125"]
[WhiteElo "2584"]
[BlackElo "2352"]
[Result "0-1"]
[Round "05"]
[TimeControl "180+1"]
[Date "2021.06.08"]
[WhiteClock "0:00:02"]
[BlackClock "0:00:09"]

1. d4 e6 2. Bf4 Nf6 3. e3 c5 4. Nf3 Qb6 5. Na3 d5 6. Nb5 Na6 7. c3 Bd7 8. a4 c4 9. b3 cxb3 10. Qxb3 Be7 11. a5 Qd8 12. Nd6+ Bxd6 13. Bxd6 Bc6 14. Ba3 Nc7 15. Ne5 a6 16. Qb6 Nb5 17. Nxc6 Qxb6 18. axb6 bxc6 19. Bxb5 cxb5 20. b7 Rb8 21. Bb4 Rxb7 22. Rxa6 Kd7 23. Ke2 Rc8 24. f3 Rc6 25. Ra8 Rc8 26. Rha1 Rxa8 27. Rxa8 Ne8 28. Kd3 f6 29. e4 h5 30. Ba5 Ke7 31. Ra6 Kd7 32. h3 Nd6 33. Bb4 Nc8 34. g4 hxg4 35. hxg4 Ra7 36. Rxa7+ Nxa7 37. Bf8 g6 38. Ke3 Nc6 39. Kf4 Ke8 40. Bc5 Kf7 41. Bd6 g5+ 42. Ke3 Kg6 43. Kd3 Na5 44. Kc2 Nc4 45. Bc7 dxe4 46. fxe4 Ne3+ 47. Kb3 Nxg4 48. Kb4 Nf2 49. d5 Kf7 50. Kxb5 Nxe4 51. d6 Nxd6+ 52. Bxd6 e5 53. c4 Ke6 54. Kc6 g4 55. Bc5 f5 56. Bg1 f4 57. c5 g3 58. Kb7 f3 59. c6 f2 60. Bxf2 gxf2 61. c7 f1=Q 62. c8=Q+ Kd5 63. Qd7+ Ke4 64. Qg4+ Qf4 65. Qe2+ Qe3 66. Qg4+ Kd3 67. Qd1+ Kc4 68. Qc2+ Kb4 69. Qb2+ Kc4 70. Qc2+ Qc3 71. Qe4+ Qd4 72. Qc2+ Kb4 73. Qb1+ Ka3 74. Qf5 e4 75. Qa5+ Kb3 76. Qh5 e3 0-1


[Site "https://www.chess.com"]

[Event "Titled Tuesday Blitz June 8 2021"]
[White "Tejedor Fuente, Enrique"]
[Black "Kuzubov, Yuriy"]
[WhiteFideId "2299100"]
[BlackFideId "14112906"]
[WhiteElo "2535"]
[BlackElo "2564"]
[Result "1-0"]
[Round "05"]
[TimeControl "180+1"]
[Date "2021.06.08"]
[WhiteClock "0:00:06"]
[BlackClock "0:00:22"]

1. e4 c5 2. Nc3 d6 3. g3 g6 4. Bg2 Bg7 5. d3 Nc6 6. Be3 Rb8 7. Qd2 b5 8. Nge2 b4 9. Nd1 a5 10. O-O a4 11. a3 Bd7 12. axb4 Nxb4 13. Ndc3 Nf6 14. h3 Qa5 15. Nxa4 Bxa4 16. b3 Nc6 17. Qxa5 Nxa5 18. e5 Bxb3 19. cxb3 Nxb3 20. exf6 Bxf6 21. Bc6+ Kf8 22. Rab1 Kg7 23. Bd5 Nd4 24. Nxd4 cxd4 25. Bd2 e6 26. Bf3 Rhc8 27. Rxb8 Rxb8 28. Bf4 Rb6 29. Rc1 g5 30. Bd2 Rb3 31. Be2 Rb2 32. Rd1 Kg6 33. Kf1 h5 34. Bc1 Ra2 35. Rd2 Ra1 36. Rc2 Bg7 37. Kg2 d5 38. Bb2 Ra2 39. Bd1 f5 40. Bc1 Ra1 41. Rc6 Bf6 42. g4 hxg4 43. hxg4 f4 44. Be2 Kf7 45. Rc7+ Kg6 46. Bf3 Be5 47. Rc6 Kf7 48. Bb2 Rb1 49. Rc2 Bf6 50. Bc1 Ke7 51. Ba3+ Kd7 52. Rb2 Rxb2 53. Bxb2 Kc6 54. Bd1 Kb5 55. Ba3 Bd8 56. Kf3 Kc6 57. Ke2 Kd7 58. Ba4+ Kc7 59. Kd2 Bf6 60. Bc5 Be5 61. f3 Bf6 62. Kc2 Kb7 63. Kb3 Ka6 64. Kb4 Bd8 65. Bb5+ Kb7 66. Bd7 Kc7 67. Bxe6 Kc6 68. Bf8 Bc7 69. Bf7 Bd6+ 70. Bxd6 Kxd6 71. Kb5 Ke5 72. Kc5 Kf6 73. Bxd5 Ke5 74. Be4 1-0


[Site "https://www.chess.com"]

[Event "Titled Tuesday Blitz June 8 2021"]
[White "Terletsky, Oleg"]
[Black "Tanenbaum, Zachary"]
[WhiteFideId "14116774"]
[BlackFideId "2060850"]
[WhiteElo "2094"]
[BlackElo "2165"]
[Result "1/2-1/2"]
[Round "05"]
[TimeControl "180+1"]
[Date "2021.06.08"]
[WhiteClock "0:02:34"]
[BlackClock "0:01:08"]

1. e4 e5 2. Nf3 Nc6 3. Nc3 Nf6 4. d4 exd4 5. Nxd4 Bb4 6. Nxc6 bxc6 7. Bd3 d5 8. exd5 O-O 9. O-O cxd5 10. Bg5 c6 11. Qf3 Be7 12. Rae1 Be6 13. h3 Rb8 14. Nd1 h6 15. Bxh6 gxh6 16. Rxe6 fxe6 17. Qg3+ Kh8 18. Qg6 Bd6 19. Qxh6+ Kg8 20. Qg6+ Kh8 21. Qh6+ Kg8 22. Qg6+ Kh8 23. Qh6+ 1/2-1/2


[Site "https://www.chess.com"]

[Event "Titled Tuesday Blitz June 8 2021"]
[White "Toncheva, Nadya"]
[Black "Piesik, Piotr"]
[WhiteFideId "2924056"]
[BlackFideId "1136194"]
[WhiteElo "1920"]
[BlackElo "2369"]
[Result "0-1"]
[Round "05"]
[TimeControl "180+1"]
[Date "2021.06.08"]
[WhiteClock "0:00:17"]
[BlackClock "0:00:40"]

1. e4 g6 2. d4 Bg7 3. c4 d6 4. Nc3 Nc6 5. Nf3 e5 6. d5 Nd4 7. Nxd4 exd4 8. Nb5 c5 9. dxc6 bxc6 10. Nxd4 Qa5+ 11. Bd2 Qe5 12. Bc3 Qxe4+ 13. Qe2 Qxe2+ 14. Bxe2 Ne7 15. Bf3 Bd7 16. O-O-O O-O 17. Rhe1 Rfe8 18. Kc2 Rac8 19. Nb3 Bf5+ 20. Kc1 Bxc3 21. bxc3 d5 22. cxd5 cxd5 23. Re3 Be4 24. Rde1 Nf5 25. Bxe4 Nxe3 26. Rxe3 dxe4 27. Nd4 f5 28. Kd2 Rb8 29. Nb3 Red8+ 30. Kc2 Kf7 31. f3 exf3 32. Rxf3 Kf6 33. Rf2 Re8 34. Rd2 Rbd8 35. Nd4 Re3 36. Rf2 Rc8 37. Ne2 g5 38. Kd2 Re5 39. Nd4 f4 40. g3 Re4 41. Ne2 Ke5 42. gxf4+ gxf4 43. Rf3 Rd8+ 44. Ke1 Rb8 45. Rh3 Rb1+ 46. Kf2 Rb2 47. Rh5+ Kf6 48. Rxh7 Rbxe2+ 49. Kf3 R2e3+ 50. Kf2 Rxc3 0-1


[Site "https://www.chess.com"]

[Event "Titled Tuesday Blitz June 8 2021"]
[White "Trent, Lawrence"]
[Black "Khusnutdinov, Rustam"]
[WhiteFideId "408638"]
[BlackFideId "13701703"]
[WhiteElo "2474"]
[BlackElo "2571"]
[Result "0-1"]
[Round "05"]
[TimeControl "180+1"]
[Date "2021.06.08"]
[WhiteClock "0:00:04"]
[BlackClock "0:00:21"]

1. d4 Nf6 2. Bg5 Ne4 3. h4 c5 4. d5 Qb6 5. Bc1 e6 6. f3 Nf6 7. c4 exd5 8. cxd5 Nh5 9. e4 Ng3 10. Rh3 Nxf1 11. Kxf1 d6 12. Rh2 h5 13. Ne2 g6 14. Nbc3 Bg7 15. Bf4 O-O 16. Qd2 Nd7 17. Bh6 Ne5 18. b3 Qa6 19. Bxg7 Kxg7 20. Kg1 Bd7 21. Qg5 f6 22. Qg3 Qd3 23. Rd1 Qe3+ 24. Qf2 Qxf2+ 25. Kxf2 b5 26. Nf4 Kf7 27. Nce2 a5 28. Rb1 b4 29. Rhh1 a4 30. Rhd1 axb3 31. axb3 Ra2 32. Kg3 g5 33. hxg5 fxg5 34. Ne6 Rxe2 35. Nxf8 Kxf8 36. Rf1 Nd3 37. Ra1 Nf4 38. Kh2 Rxg2+ 39. Kh1 Rb2 40. Ra7 Bh3 41. Rg1 Bg2+ 42. Kh2 h4 43. Ra8+ Kf7 44. Ra7+ Kf6 0-1


[Site "https://www.chess.com"]

[Event "Titled Tuesday Blitz June 8 2021"]
[White "Tristan, Leonardo"]
[Black "Ambartsumova, Karina"]
[WhiteFideId "113816"]
[BlackFideId "4166299"]
[WhiteElo "2404"]
[BlackElo "2262"]
[Result "1-0"]
[Round "05"]
[TimeControl "180+1"]
[Date "2021.06.08"]
[WhiteClock "0:00:34"]
[BlackClock "0:00:05"]

1. d4 Nf6 2. Bf4 d5 3. e3 e6 4. Nf3 Bd6 5. Bg3 O-O 6. c4 b6 7. cxd5 exd5 8. Nc3 Be6 9. Qc2 c5 10. Rd1 c4 11. Be2 Nc6 12. O-O Bxg3 13. hxg3 h6 14. Ne5 Qd6 15. Nb5 Nb4 16. Nxd6 Nxc2 17. a3 Rad8 18. Nb5 a6 19. Nc7 Bf5 20. g4 Bh7 21. Nxa6 b5 22. Rc1 Ra8 23. Nc7 Rac8 24. Nxb5 Rb8 25. a4 Nb4 26. f3 Ra8 27. Nc3 Rfb8 28. e4 dxe4 29. Bxc4 Nd3 30. Rb1 Nxb2 31. Bxf7+ Kf8 32. fxe4 Rb3 33. Bxb3 1-0


[Site "https://www.chess.com"]

[Event "Titled Tuesday Blitz June 8 2021"]
[White "Tsydypov, Zhamsaran"]
[Black "Nitin, S."]
[WhiteFideId "4108566"]
[BlackFideId "5018277"]
[WhiteElo "2645"]
[BlackElo "2431"]
[Result "1-0"]
[Round "05"]
[TimeControl "180+1"]
[Date "2021.06.08"]
[WhiteClock "0:01:33"]
[BlackClock "0:00:43"]

1. e4 c5 2. Nf3 e6 3. d4 cxd4 4. Nxd4 a6 5. c4 Nf6 6. Nc3 Qc7 7. Be2 b6 8. O-O Bb7 9. f3 Be7 10. Be3 d6 11. a4 Nbd7 12. a5 O-O 13. Nb3 Rac8 14. axb6 Nxb6 15. Na5 Ba8 16. Kh1 Rfd8 17. Qe1 Rb8 18. b4 d5 19. c5 d4 20. Bf2 dxc3 21. cxb6 Rxb6 22. Bxb6 Qxb6 23. Qxc3 Bxb4 24. Qe5 Nd7 25. Nc4 Qa7 26. Qg5 f6 27. Qg4 Nc5 28. Rfd1 Rf8 29. Qg3 e5 30. Nd6 Bc3 31. Bc4+ Kh8 32. Nf7+ Kg8 33. Nxe5+ Kh8 34. Ng6+ 1-0


[Site "https://www.chess.com"]

[Event "Titled Tuesday Blitz June 8 2021"]
[White "Tsyhanchuk_Stanislav"]
[Black "Kosteniuk, Alexandra"]
[BlackFideId "4128125"]
[WhiteElo "2494"]
[BlackElo "2521"]
[Result "1-0"]
[Round "05"]
[TimeControl "180+1"]
[Date "2021.06.08"]
[WhiteClock "0:00:18"]
[BlackClock "0:00:04"]

1. e4 c6 2. d4 d5 3. e5 c5 4. dxc5 e6 5. Bd3 Bxc5 6. Qg4 Ne7 7. b4 Bb6 8. Nf3 Ng6 9. h4 Qc7 10. Bb2 Nc6 11. h5 Ncxe5 12. Nxe5 Nxe5 13. Qxg7 Nxd3+ 14. cxd3 Rf8 15. O-O Bd7 16. Bf6 Qf4 17. Nc3 Bd8 18. Bxd8 Rxd8 19. Rfe1 Qd6 20. Qxh7 Rc8 21. Qg7 Kd8 22. Rac1 Bc6 23. h6 Ke7 24. h7 Rh8 25. b5 Bd7 26. Ne2 Qf4 27. Nxf4 1-0


[Site "https://www.chess.com"]

[Event "Titled Tuesday Blitz June 8 2021"]
[White "Vignesh, N R"]
[Black "Vakhlamov, Igor L."]
[WhiteFideId "25012215"]
[BlackFideId "24126748"]
[WhiteElo "2401"]
[BlackElo "2405"]
[Result "1-0"]
[Round "05"]
[TimeControl "180+1"]
[Date "2021.06.08"]
[WhiteClock "0:02:28"]
[BlackClock "0:01:05"]

1. e4 c5 2. Nf3 Nc6 3. Nc3 g6 4. Bb5 Bg7 5. O-O e5 6. d3 Nge7 7. a4 O-O 8. Bc4 d6 9. Re1 Kh8 10. Ng5 Qe8 11. Nb5 Qd8 12. Nxf7+ Rxf7 13. Bxf7 d5 14. Bxd5 Nxd5 15. exd5 Qxd5 16. Nc7 Qd4 17. Nxa8 Bg4 18. Qd2 Bf3 19. Qe3 Qg4 20. Qxf3 1-0


[Site "https://www.chess.com"]

[Event "Titled Tuesday Blitz June 8 2021"]
[White "Vokhidov, Shamsiddin"]
[Black "Dolzhykova, Kateryna"]
[WhiteFideId "14204223"]
[BlackFideId "14113414"]
[WhiteElo "2572"]
[BlackElo "2151"]
[Result "1-0"]
[Round "05"]
[TimeControl "180+1"]
[Date "2021.06.08"]
[WhiteClock "0:00:45"]
[BlackClock "0:00:04"]

1. e4 c5 2. Nf3 Nc6 3. Bb5 g6 4. Bxc6 bxc6 5. O-O Bg7 6. Re1 e5 7. c3 Ne7 8. d4 cxd4 9. cxd4 exd4 10. Nxd4 O-O 11. Nc3 Bb7 12. Bf4 d5 13. Nb3 dxe4 14. Nxe4 Nd5 15. Bg5 Qb6 16. Nec5 Rfe8 17. Nxb7 Qxb7 18. Qd2 Qb4 19. Rab1 Qxd2 20. Rxe8+ Rxe8 21. Bxd2 Rb8 22. Kf1 c5 23. Rc1 Bxb2 24. Rxc5 Nb4 25. Ra5 Nxa2 26. Nc5 Nb4 27. Rxa7 Nc6 28. Rc7 Nd4 29. Nd7 Rd8 30. Bg5 Ra8 31. g3 Ne6 32. Rb7 Nxg5 33. Rxb2 Rd8 34. Rb7 Ne6 35. Ne5 Rf8 36. Kg2 Kg7 37. f4 h6 38. Kf3 h5 39. h3 Kg8 40. Nd7 Ra8 41. f5 gxf5 42. Nf6+ Kg7 43. Nxh5+ Kg6 44. g4 fxg4+ 45. hxg4 Ra3+ 46. Kg2 Ra2+ 47. Kg3 Ra3+ 48. Kh4 Ra4 49. Rb8 Ra1 50. Rg8+ Kh7 51. Nf6+ Kh6 52. g5+ Nxg5 53. Ng4+ Kh7 54. Rxg5 Rh1+ 55. Kg3 Ra1 56. Rd5 Ra3+ 57. Kh4 Ra4 58. Kg5 Kg7 59. Kf5 Ra6 60. Rd7 Rg6 61. Ne5 Rf6+ 62. Kg5 Rf1 63. Ng4 Rg1 64. Rb7 Rg2 65. Rb5 Rg1 66. Rb4 Rg2 67. Kf5 Rg1 68. Ne3 Rg3 69. Re4 Rg1 70. Kf4 Ra1 71. Re7 Ra4+ 72. Kg5 Ra1 73. Nf5+ Kf8 74. Rc7 Ra6 75. Rc8# 1-0


[Site "https://www.chess.com"]

[Event "Titled Tuesday Blitz June 8 2021"]
[White "Vyatkin, Dmitry"]
[Black "Costachi, Mihnea"]
[WhiteFideId "4171900"]
[BlackFideId "1217518"]
[WhiteElo "2279"]
[BlackElo "2479"]
[Result "0-1"]
[Round "05"]
[TimeControl "180+1"]
[Date "2021.06.08"]
[WhiteClock "0:00:03"]
[BlackClock "0:00:23"]

1. d4 Nf6 2. c4 g6 3. g3 Bg7 4. Bg2 O-O 5. Nc3 c5 6. d5 a6 7. Nf3 b5 8. O-O b4 9. Nb1 d6 10. Nbd2 a5 11. e4 e5 12. Ne1 Ne8 13. Nd3 f5 14. f4 Nd7 15. a4 Ra7 16. Kh1 Qe7 17. Re1 fxe4 18. Nxe4 h6 19. Bd2 Nef6 20. Nxd6 Qxd6 21. fxe5 Nxe5 22. Nxe5 Bf5 23. g4 Re7 24. gxf5 Rxe5 25. fxg6 h5 26. h3 Nd7 27. Rf1 Rxf1+ 28. Qxf1 Qxg6 29. d6 Kh8 30. Qf3 Rf5 31. Qa8+ Rf8 32. Qe4 Qxd6 33. Qe2 Qe5 34. Re1 Qxe2 35. Rxe2 Ne5 36. b3 Nd3 37. Kh2 Be5+ 38. Kg1 Bd4+ 39. Kh2 Rf7 40. Be1 Be5+ 41. Kg1 Kg7 42. Bh4 Rf4 43. Bg3 Bd4+ 44. Kh2 Rf7 45. Bd5 Rf1 46. Re7+ Kf8 47. Bd6 Rf2+ 48. Kg3 h4+ 49. Kxh4 Bf6+ 50. Kg3 Bxe7 51. Bxe7+ Kxe7 52. Be4 Rb2 0-1


[Site "https://www.chess.com"]

[Event "Titled Tuesday Blitz June 8 2021"]
[White "Wagner, Dennis"]
[Black "Spyropoulos, Nikolaos"]
[WhiteFideId "24650684"]
[BlackFideId "4298977"]
[WhiteElo "2355"]
[BlackElo "2159"]
[Result "1-0"]
[Round "05"]
[TimeControl "180+1"]
[Date "2021.06.08"]
[WhiteClock "0:00:24"]
[BlackClock "0:00:03"]

1. e4 e5 2. Nf3 Nc6 3. Bb5 a6 4. Ba4 d6 5. O-O g6 6. d3 Bg7 7. Re1 Bd7 8. h3 Nf6 9. c3 O-O 10. Nbd2 h6 11. Nf1 Nh5 12. Bb3 b5 13. d4 Re8 14. a3 Qc8 15. Qd3 Na5 16. Ba2 c5 17. Bd5 Bc6 18. Bxc6 Qxc6 19. g4 Nf6 20. d5 Qc7 21. Be3 c4 22. Qc2 h5 23. N3h2 Kh7 24. Ng3 hxg4 25. hxg4 Rh8 26. Kg2 Kg8 27. Rh1 Qd7 28. Qe2 Nb3 29. Rag1 Kf8 30. g5 Nh5 31. Nxh5 Rxh5 32. Ng4 Ke7 33. Rxh5 gxh5 34. Nf6 Bxf6 35. gxf6+ Kxf6 36. Kh2 Rf8 37. Bg5+ Kg7 38. Be7+ 1-0


[Site "https://www.chess.com"]

[Event "Titled Tuesday Blitz June 8 2021"]
[White "Woodward, Andy"]
[Black "Eynullayev, Atilla"]
[WhiteFideId "30953499"]
[BlackFideId "13413570"]
[WhiteElo "2719"]
[BlackElo "1997"]
[Result "1-0"]
[Round "05"]
[TimeControl "180+1"]
[Date "2021.06.08"]
[WhiteClock "0:00:28"]
[BlackClock "0:00:02"]

1. d4 Nf6 2. c4 e6 3. Nc3 Bb4 4. Qc2 O-O 5. a3 Bxc3+ 6. Qxc3 b6 7. Bg5 c5 8. dxc5 bxc5 9. Nf3 Bb7 10. e3 Nc6 11. Bd3 Qe7 12. O-O h6 13. Bh4 e5 14. Bc2 a5 15. Rad1 d6 16. Bxf6 Qxf6 17. Qd3 Rfd8 18. Qh7+ Kf8 19. Nd2 Ne7 20. Be4 Bxe4 21. Nxe4 Qe6 22. Rd2 Qxc4 23. Nxd6 Qe6 24. Rfd1 Ra6 25. Nf5 Rxd2 26. Qh8+ Ng8 27. Qxg7+ Ke8 28. Qxg8+ Kd7 29. Rxd2+ 1-0


[Site "https://www.chess.com"]

[Event "Titled Tuesday Blitz June 8 2021"]
[White "Yanchenko, Roman"]
[Black "Sieciechowicz, Marcin"]
[WhiteFideId "4137329"]
[BlackFideId "1130170"]
[WhiteElo "2514"]
[BlackElo "2288"]
[Result "1/2-1/2"]
[Round "05"]
[TimeControl "180+1"]
[Date "2021.06.08"]
[WhiteClock "0:00:27"]
[BlackClock "0:00:26"]

1. d4 Nf6 2. c4 g6 3. Nf3 Bg7 4. Nc3 d5 5. Bf4 O-O 6. e3 c5 7. dxc5 Qa5 8. Be5 Nbd7 9. cxd5 Nxe5 10. Nxe5 Nd7 11. Nxd7 Bxc3+ 12. bxc3 Qxc3+ 13. Ke2 Bxd7 14. Qd4 Qc2+ 15. Ke1 Rac8 16. Bc4 b5 17. Bb3 Qxc5 18. Qxc5 Rxc5 19. Kd2 Rfc8 20. Rhc1 Kf8 21. e4 a5 22. Rxc5 Rxc5 23. Rc1 Rxc1 24. Kxc1 e5 25. dxe6 Bxe6 26. Kc2 Ke7 27. Kc3 Kd6 28. Kd4 Bxb3 29. axb3 g5 30. f3 Ke6 31. g3 f5 32. exf5+ Kxf5 33. Kc5 a4 34. bxa4 bxa4 35. Kb4 Ke5 36. Kxa4 Kd4 37. Kb4 Ke3 38. f4 gxf4 39. gxf4 Kxf4 40. Kc3 Kf3 41. Kd3 h5 42. h4 Kg4 43. Ke2 Kxh4 44. Kf1 Kg4 45. Kg1 Kf5 46. Kh1 Ke4 47. Kh2 Kd3 48. Kh3 Kc2 49. Kh4 Kb2 50. Kxh5 1/2-1/2


[Site "https://www.chess.com"]

[Event "Titled Tuesday Blitz June 8 2021"]
[White "Yoo, Christopher Woojin"]
[Black "Mogirzan, Matei-Valeriu"]
[WhiteFideId "30909694"]
[BlackFideId "1257455"]
[WhiteElo "2009"]
[BlackElo "1733"]
[Result "0-1"]
[Round "05"]
[TimeControl "180+1"]
[Date "2021.06.08"]
[WhiteClock "0:00:01"]
[BlackClock "0:00:04"]

1. e4 e5 2. Nf3 Nf6 3. d3 Nc6 4. g3 Bc5 5. Bg2 d6 6. O-O h5 7. Bg5 Nd4 8. Nxd4 Bxd4 9. c3 Bb6 10. Nd2 Bg4 11. Qc2 Qd7 12. Nc4 Bh3 13. Nxb6 axb6 14. f4 Bxg2 15. Qxg2 Ng4 16. f5 f6 17. Bc1 Qb5 18. Qe2 Qc5+ 19. Kg2 Nh6 20. Qxh5+ Nf7 21. Qf3 O-O-O 22. h4 d5 23. b4 Qxc3 24. Be3 dxe4 25. dxe4 Rd3 26. Rae1 Nd6 27. Qe2 Nxe4 28. Rf3 Rhd8 29. Rc1 Rxe3 30. Qxe3 Rd2+ 31. Kh3 Qxc1 32. Qb3 Qh1+ 33. Kg4 Qd1 34. Qe6+ Kb8 35. Qg8+ Rd8 36. Qxg7 Nf2+ 37. Kh5 Qxf3+ 38. g4 Nh3 39. Qxf6 Nf4+ 40. Kh6 Rd6 0-1


[Site "https://www.chess.com"]